Workbook
Name _GoBack: 'Introduction to the research'!$A$6

Sheet Introduction to the research
A1: Consumers engagement in knowledge sharing with business organizations (enterprises) and public organizations (i.e. schools, public administration)
A2: Dr Roisin Mullins and Dr Sandra Dettmer
A3: (this file shouldn't be used and copied without authors' permission. Contact to the authors: r.mullins@uwtsd.ac.uk)
A5: Knowledge is a strategic advantage which helps business and public organizations sustain as well as maintain their market competitiveness . Moreover, customer knowledge becomes an essential intangible asset for every line of business and public adminitration , leads to better response and respect toward customers, makes a contribution towards new and innovative products, contributes to the improvement of business value, and enhances the competitiveness of businesses. Consumers who share their knowledge with enterprises with the aim of creating values and benefits for enterprises and their own consumption are known as “prosumers,” whereas the process in which they share knowledge with enterprises is consistent with the notion of “prosumption” (for more detailed information read: ). In general, prosumption refers to situations in which prosumers share knowledge not only with enterprises, but also with other prosumers to produce things of value for enterprises, and also for themselves. They can share knowledge voluntary and do not expect any tangible benefits. Other times they share knowledge under the condition of obtaining certain benefits in return, such as rewards or fulfilling personal goals. To share their knowledge individuals use ICT. For more information you may read: 1) Investigating incentives that encouraged and can encourage Polish and UK-based prosumers to engage in knowledge sharing: www.iiakm.org/ojakm/articles/2017/volume5_1/OJAKM_Volume5_1pp72-100.pdf; 2) Identifying more about customers: the phenomenon of the switch to the knowledge exchange: www.iiakm.org/ojakm/articles/2016/volume4_1/OJAKM_Volume4_1pp165-179.pdf 3) Information and Communication Technologies for Supporting Prosumers Knowledge Sharing – Evidence from Poland and United Kingdom: https://fedcsis.org/proceedings/2016/drp/285.html 4) Tapscott, Williams, Wikinomics, 2008; 5) Toffler, The third wave, 1980
A6: Practical cases of the prosumption:
A7: https://www.shoesofprey.com/
A8: https://www.lego.com/en-gb/friends/explore/friends-designer?ignorereferer=true
A10: The research puropses are:
A11: a) the identification of business and public organisations which are promoting prosumptions projects and thus engaging prosumers to knowledge sharing;
A12: b) the identification of products and services in creation of which prosumers knowledge is use;
A13: c) the identification of business processes in which prosumers share their knowledge to create a new or to improve an existing product or service;
A14: d) the identification of the ways which prosumers may use to share their knowledge;
... A16: f) the identification of information and communication technologies (ICT) which serve as a tool to knowledge sharing

Sheet BP - model
B1: The model of business processes
B3: Business process | C3: Possibilities of prosumers' participation
B4: 2.0 Develop and Manage Products and Services | C4: • products’ designing (colors, shape or design of product); • materials requirement (with what kind of materials the product should be done); • graphic elements (e.g. logo or package); • improving functionality of product; • improving reliability and durability of product; • improving ease of product use; • improving efficiency of product; • improving ICT made available to consumers
B6: 3.0 Market and Sell Products and Services | C6: • creating advertising spots or taking part in marketing campaigns; • influencing products’ prices; • influencing promotions, discounts or loan programs; • influencing product availability and new distribution channels
B7: 4.0 Deliver Products and Services | C7: • improving ordering process • establishing new ways of ordering products and their delivery
B8: 5.0 Manage Customer Service | C8: • improving quality and lead time of customer service • improving handling complaints and warranty services • defining success factors of effective and professional customer service

Sheet Business Processes
A1: PROSUMER BUSINESS PROCESSES TO IMPROVE PRODUCT OR SERVICE
A2: To share knowledge to create new or improve existing product or service
A3: NOTE:
A4: Empty cells should be filled in by the URL addresses (i.e. https://www.shoesofprey.com/) of the web pages on which it was possible to observe prosumers activities connected with their ideas or knowledge. Subsequently these URLs will be use to verify the realibilty of gathered data.
A5: Company name and name of the product (B and C columns) you should type just ONCE only in this sheet. It should be copied to the others sheet automatically.
A7: NO. | B7: Company name | C7: Number of Employees | D7: Company Size (Using IF Function) SMALL <250 MEDIUM 250 - 500 LARGE 500 - 1000 MEGGA >1000 | E7: Business Sector - Broad Version (Use Drop Down list) | F7: Business Sector | G7: Evidence of Sustainability focus (YES/NO) | H7: If Sustainability - where is the evidence ? State words and expressions used | I7: If Sustainability - where is the evidence - state the web site | J7: Short description of observed prosumers activity | K7: Do you contribute to ideas for Products’ (designing parts of products) | L7: Ideas or suggestions relating to materials used in the production process (with what kind of material the product/part of the product should be done) | M7: Ideas or suggestions relating to the products' look and their packaging | N7: Ideas or suggestions relating to the products' functionality | O7: Ideas or suggestions relating to reliability of the products | P7: Ideas or suggestions relating to convenience / usage of the products | Q7: Ideas or suggestions relating to the products' efficiency | R7: Ideas or suggestions relating to advertising spots and marketing campaigns | S7: Ideas or suggestions relating to products' prices, discounts and promotions | T7: Ideas or suggestions relating to loan programs | U7: Ideas or suggestions relating to the possible to deliver the products | V7: Ideas or suggestions relating to the ordering processes | W7: Ideas or suggestions relating to the handling of consumers' complaints and warranty services | X7: Ideas or suggestions relating to the quality and lead time of customer service | Y7: Other
A8: 1 | B8: https://www.pukkaherbs.com/ | C8: 70 | D8: =IF(C8<250,"SMALL",IF(C8<500,"MEDIUM",IF(C8<1000,"LARGE","MEGGA"))) -> SMALL | E8: Food Retail | F8: Tea | G8: YES | H8: Donating to enviromental charities and 100% of their teas are Fair for Life. 1% for the Planet,1% turNOver to environmental and social causes sourcing 100% organic ingredients to reducing our carbon footprint; 100% Certified organic herbs, protecting people, plants and planet £89K Invested into Community in 2016, fair premium funds for producers and communities, Renewable electricity from British sunshine, wind and rain, zero waste to landfill, helping to keep our operational footprint light | I8: https://www.pukkaherbs.com/your-wellbeing/stories/planet/sustainability-at-pukka/ https://www.pukkaherbs.com/media/76569880/pukka-sustainability-highlights-2016.pdf https://www.pukkaherbs.com/our-mission/inspiring-change/ | J8: https://www.pukkaherbs.com/your-wellbeing/stories/people/partners/bizgive/ https://www.pukkaherbs.com/media/76569880/pukka-sustainability-highlights-2016.pdf https://www.pukkaherbs.com/our-mission/inspiring-change/ | Y8: Use the website to suggest via voting on how to donate to community projects.
A9: 2 | B9: www.Dell.com | C9: 101,800 | D9: =IF(C9<250,"SMALL",IF(C9<500,"MEDIUM",IF(C9<1000,"LARGE","MEGGA"))) -> MEGGA | E9: Technology | F9: Technology | G9: YES | H9: YES Dell incorporates sustainability into their business from recycling to design. Dell's partners will intercept ocean plastics at the source (in waterways, shorelines and beaches), before they reach the ocean. Partner companies will then process and refine the recovered plastics, mixing them with other recycled plastics to create packaging for deliveries. | I9: http://www.dell.com/learn/us/en/uscorp1/dell-environment?c=us&l=en&s=corp http://www.telegraph.co.uk/connect/better-business/business-sustainability/business-put-planet-first-in-2018/ | J9: http://www.ideastorm.com/ | K9: YES | L9: YES | M9: YES | N9: YES | O9: YES | P9: YES | Q9: YES | R9: YES | S9: YES | V9: YES | W9: YES | X9: YES | Y9: Web site encourages suggestions from consumers, and upload articles to vote on, and create time limited sessions for consumers to discuss an issue
A10: 3 | B10: https://twitter.com/ | C10: 3583 | D10: =IF(C10<250,"SMALL",IF(C10<500,"MEDIUM",IF(C10<1000,"LARGE","MEGGA"))) -> MEGGA | E10: Media | F10: Private | G10: YES | H10: Corporate executives take to Twitter to cover sustainability-based topics | I10: https://www.theguardian.com/sustainable-business/blog/twitter-csr-corporate-social-responsibility-communications | J10: https://books.google.co.uk/books?isbn=1473987490 | K10: NO | L10: NO | M10: NO | N10: NO | O10: NO | P10: NO | Q10: NO | R10: YES | S10: NO | T10: NO | U10: NO | V10: NO | W10: NO | X10: YES
A11: 4 | B11: https://www.amazon.co.uk/ | C11: 541,900 | D11: =IF(C11<250,"SMALL",IF(C11<500,"MEDIUM",IF(C11<1000,"LARGE","MEGGA"))) -> MEGGA | E11: Retail | F11: Private | G11: YES | H11: AWS commits to running business in the most environmentally friendly way | I11: https://www.amazon.co.uk/p/feature/kn3cxony42ececj | J11: https://www.amazon.co.uk/ | K11: YES | L11: YES | M11: YES | N11: YES | O11: YES | P11: YES | Q11: YES | R11: YES | S11: YES | T11: NO | U11: YES | V11: YES | W11: YES | X11: YES
A12: 5 | B12: https://www.facebook.com/ | C12: 25,105 | D12: =IF(C12<250,"SMALL",IF(C12<500,"MEDIUM",IF(C12<1000,"LARGE","MEGGA"))) -> MEGGA | E12: Media | F12: Private | G12: YES | H12: Give people the power to build community and bring the world closer together | I12: https://sustainability.fb.com/ | J12: https://www.facebook.com/ | K12: NO | L12: NO | M12: NO | N12: NO | O12: NO | P12: NO | Q12: NO | R12: YES | S12: YES | T12: NO | U12: NO | V12: NO | W12: NO | X12: YES
A13: 6 | B13: https://www.uber.com/ | C13: 12,000 | D13: =IF(C13<250,"SMALL",IF(C13<500,"MEDIUM",IF(C13<1000,"LARGE","MEGGA"))) -> MEGGA | E13: Transport | F13: Private | G13: YES | H13: Uber will decrease carbon emissions in cities by lessening people'e reliance on personal automobiles | I13: https://motherboard.vice.com/en_us/article/78kkj9/is-uber-good-or-bad-for-the-environment | J13: https://www.uber.com/ | K13: NO | L13: NO | M13: NO | N13: NO | O13: YES | P13: YES | Q13: YES | R13: NO | S13: YES | T13: NO | U13: NO | V13: NO | W13: NO | X13: YES
A14: 7 | B14: https://www.youtube.com/ | C14: 2000 | D14: =IF(C14<250,"SMALL",IF(C14<500,"MEDIUM",IF(C14<1000,"LARGE","MEGGA"))) -> MEGGA | E14: Media | F14: Private | G14: YES | H14: Usage of green electricity and making data centres as efficient as possible | I14: https://rankabrand.org/websites/YouTube | J14: https://www.youtube.com/ | K14: YES | L14: NO | M14: NO | N14: YES | O14: YES | P14: YES | Q14: YES | R14: YES | S14: YES | T14: NO | U14: NO | V14: NO | W14: NO | X14: YES
A15: 8 | B15: https://www.o2.co.uk/ | C15: 700 | D15: =IF(C15<250,"SMALL",IF(C15<500,"MEDIUM",IF(C15<1000,"LARGE","MEGGA"))) -> LARGE | E15: Communication | F15: TechNOlogy | G15: YES | H15: Big Blueprint, Carbon print, 12 million customers encouraged to make different choices, such as rating the sustainability credentials of the phones they buy. | I15: https://www.o2.co.uk/thinkbig/history | J15: http://static.o2.co.uk/www/docs/thinkbig/think-big-blueprint-1-progress-report-2012-to-2015.pdf | K15: YES | L15: YES | N15: YES | O15: YES | P15: YES | Q15: YES | R15: YES | S15: YES | U15: YES | V15: YES | W15: YES | Y15: Website clearly shows different packages to allow consumers to chose the best package for themselves. Website provides contact details for issues or questions. There is access to complain
A16: 9 | B16: https://www.apple.com/uk/ | C16: 123,000 | D16: =IF(C16<250,"SMALL",IF(C16<500,"MEDIUM",IF(C16<1000,"LARGE","MEGGA"))) -> MEGGA | E16: Technology | F16: techNOlogy | G16: YES | H16: We’ve made energy efficiency a priority across all of our facilities | I16: https://images.apple.com/euro/environment/pdf/f/generic/Apple_Environmental_Responsibility_Report_2017.pdf | J16: https://support.apple.com/en-gb | L16: YES | N16: YES | O16: YES | P16: YES | Q16: YES | R16: YES | S16: YES | T16: YES | W16: YES | X16: YES | Y16: website encourages feedback and provides links for many different topics relating to their products
A17: 10 | B17: http://ee.co.uk/ | C17: 10000 | D17: =IF(C17<250,"SMALL",IF(C17<500,"MEDIUM",IF(C17<1000,"LARGE","MEGGA"))) -> MEGGA | E17: Communication | F17: TechNOlogy | G17: YES | H17: Reduce our carbon emissions by 50% by 2015, based on our 2010 baseline | I17: http://ee.co.uk/our-company/corporate-responsibility/building-trust/the-environment | J17: http://ee.co.uk/our-company/corporate-responsibility/building-trust/our-customers | N17: YES | O17: YES | P17: YES | Q17: YES | R17: YES | S17: YES | T17: YES | W17: YES | X17: YES | Y17: website consists of links which lead to alternative information
A18: 11 | B18: https://www.ikea.com | C18: 194,000 | D18: =IF(C18<250,"SMALL",IF(C18<500,"MEDIUM",IF(C18<1000,"LARGE","MEGGA"))) -> MEGGA | F18: Private | G18: YES | H18: By 2030, we will inspire and enable people to make healthier and more sustainable choices by offering knowledge, ideas and new affordable solutions | I18: https://www.ikea.com/gb/en/doc/general-document/ikea-take-a-look-at-what-we-are-committed-to-accomplishing-today-and-our-goals-for-2030__1364604791416.pdf | J18: https://www.ikea.com/gb/en/doc/general-document/ikea-take-a-look-at-what-we-are-committed-to-accomplishing-today-and-our-goals-for-2030__1364604791416.pdf | K18: YES | L18: YES | M18: YES | N18: YES | O18: YES | P18: YES | Q18: NO | S18: YES | T18: NO | V18: YES | W18: YES | X18: YES
A19: 12 | B19: https://www.sony.co.uk | C19: 117,300 | D19: MEGGA | F19: Technology | G19: YES | H19: At Sony we always endeavor to reduce environmental impact in our wide range of products. These efforts are evident in compact, lightweight, energy-efficient designs that reduce wasted resources and power consumption, and our commitment to using recycled materials. | I19: https://www.sony.co.uk/electronics/eco/sustainable-development | J19: https://www.sony.co.uk | K19: YES | M19: YES | N19: YES | O19: YES | P19: NO | R19: YES | S19: YES | T19: NO | W19: YES | X19: YES
A20: 13 | B20: www.vodafone.co.uk | C20: 103564 | D20: MEGGA | F20: Technology | G20: YES | H20: Our sustainable business strategy is built on an unwavering commitment to operating responsibly and a recognition that we have a role to play in contributing to the societies in which we operate. | I20: https://www.vodafone.com/content/dam/vodafone-images/sustainability/downloads/sustainablebusiness2018.pdf | J20: https://www.vodafone.com/content/dam/vodafone-images/sustainability/downloads/sustainablebusiness2018.pdf | N20: YES | O20: YES | P20: YES | Q20: YES | R20: YES | S20: YES | T20: YES | U20: NO | V20: NO | W20: YES | X20: YES
A21: 14 | B21: https://www.tesco.com/ | C21: 500000 | D21: MEGGA | F21: Private | G21: YES | H21: Since the end of 2013 we have been working with external experts and colleagues to update our environmental strategy, ensuring it remains credible in meeting our commitments to reduce our impact on the environment. | I21: https://www.tescoplc.com/little-helps-plan/products-sourcing/reducing-our-impact-on-the-environment/ | J21: https://www.tescoplc.com/little-helps-plan/products-sourcing/reducing-our-impact-on-the-environment/ | K21: YES | M21: YES | O21: YES | P21: YES | Q21: YES | R21: YES | S21: YES | T21: NO | U21: YES | V21: YES | W21: YES | X21: YES
A22: 15 | B22: https://beta.audi.co.uk/ | C22: 91231 | D22: MEGGA | F22: Private | G22: YES | H22: For Audi, sustainable action means considering the immediate and long-term consequences of its decisions. Economic success, environmental compatibility and social responsibility are equally important. | I22: https://www.audi.com/corporate/en/sustainability/strategy.html | J22: https://www.audi.com/corporate/en/sustainability/strategy.html | K22: YES | L22: YES | M22: YES | O22: YES | Q22: YES | S22: YES | T22: NO | W22: YES | X22: YES
A23: 16 | B23: https://www.aldi.co.uk/ | C23: 30000 | D23: MEGGA | F23: Private | G23: YES | H23: Our corporate responsibility plan is driven by 5 principles- community, people, customers, suppliers and environment. It’s about making sure that what you buy has been grown, caught or made with ultimate care for the environment and that workers are treated fairly. | I23: https://www.aldi.co.uk/corporate-responsibility | J23: https://www.aldi.co.uk/corporate-responsibility | M23: YES | O23: YES | P23: YES | S23: YES | T23: NO | W23: YES | X23: YES
A24: 17 | B24: https://www.coca-cola.co.uk/ | C24: 61800 | D24: MEGGA | F24: Private | G24: YES | H24: Coca-Cola GB and WWF have been working together on water-sensitive farming in the UK since 2012. “It is our ambition that by 2030 we will collect all of our bottles and cans so that none of them end up as litter or in our oceans” | I24: https://www.coca-cola.co.uk/blog/ocean-plastic-addressing-the-problem-and-steps-towards-sustainable-solution | J24: https://www.coca-cola.co.uk/topics/sustainability | K24: YES | M24: YES | P24: YES | Q24: NO | S24: YES | T24: NO | V24: NO | W24: YES
A25: 18 | B25: https://www.samsung.com/uk/ | C25: 275000 | D25: MEGGA | F25: Technology | G25: YES | H25: At Samsung, our sustainability management aims to create integrated values. Not only do we create economic values by maximizing profits and shareholder values, but also we take on a stronger responsibility as a global citizen to create social values. | I25: https://www.samsung.com/us/aboutsamsung/sustainability/strategy/ | J25: https://www.samsung.com/us/aboutsamsung/sustainability/strategy/ | K25: YES | L25: YES | M25: YES | N25: YES | O25: YES | P25: YES | Q25: YES | T25: NO | W25: YES | X25: YES
A26: 19 | B26: https://www.nationwide.co.uk/ | C26: 17000 | D26: MEGGA | F26: Private | G26: YES | H26: The high street bank established a five-year ‘citizenship strategy’ dubbed ‘Living on Your Side’, part of which were a series of environmental targets | I26: https://www.current-news.co.uk/news/nationwide-banks-on-sustainability-following-carbon-trust-tripe-4532 | J26: https://www.current-news.co.uk/news/nationwide-banks-on-sustainability-following-carbon-trust-tripe-4532 | R26: YES | T26: YES | X26: YES
A27: 20 | B27: https://www.halfords.com/ | C27: 10000 | D27: MEGGA | F27: Private | G27: YES | H27: In 2013, we agreed a long-term charity partnership with Re~Cycle, a UK charity that sends unwanted bikes, going to waste in sheds and garages across the country, to Africa. | I27: http://halfords.annualreport2014.com/strategic-report/strategy/sustainability | J27: http://halfords.annualreport2014.com/strategic-report/strategy/sustainability | K27: YES | L27: YES | M27: YES | O27: YES | S27: YES | T27: NO | U27: YES | V27: YES | W27: YES | X27: YES
A28: 21 | B28: https://www.microsoft.com | C28: 131000 | D28: MEGGA | F28: Technology | G28: YES | H28: Microsoft is committed to leveraging technology to solve some of the world’s most urgent environmental issues—focusing on areas where we can have the most positive impact. | I28: https://www.microsoft.com/en-us/corporate-responsibility/environmental-sustainability | J28: https://www.microsoft.com/en-us/corporate-responsibility/environmental-sustainability | K28: YES | N28: YES | O28: YES | Q28: YES | R28: NO | S28: YES | T28: NO | U28: YES | W28: YES | X28: YES
A29: 22 | B29: https://www.nestle.co.uk/ | C29: 339000 | D29: MEGGA | F29: Private | G29: YES | H29: We strive to reduce the environmental impact of our packaging while ensuring our packaging protects our products effectively. Nestlé has been systematically reducing the weight of our packaging since 1991, with a reduction of over 500 million kg to date. | I29: https://www.nestle.com/randd/environmental-sustainability | J29: https://www.nestle.com/randd/environmental-sustainability | M29: YES | R29: YES | S29: YES | X29: YES
A30: 23 | B30: https://www.mercedes-benz.co.uk | C30: 278700 | D30: MEGGA | F30: Private | G30: YES | H30: Lower CO₂ emissions and reduced costs: two things that go hand in hand at Dreier – with the new Actros. | I30: https://www.mercedes-benz.com/en/mercedes-benz/vehicles/trucks/sustainability/ | J30: https://www.mercedes-benz.com/en/mercedes-benz/vehicles/trucks/sustainability/ | K30: YES | L30: YES | M30: YES | N30: YES | O30: YES | Q30: YES | R30: NO | S30: YES | T30: YES | W30: YES | X30: YES
A31: 24 | B31: https://www.riverisland.com/ | C31: 9191 | D31: MEGGA | F31: Private | G31: YES | H31: We have incorporated the use of renewable energy sources into our operations and reduced the levels of product packaging. River Island also recycles and uses biodegradable materials whenever possible. | I31: https://www.riverisland.com/inside-river-island/about-us/corporate-social-responsibility | J31: https://www.riverisland.com/inside-river-island/about-us/corporate-social-responsibility | K31: YES | L31: YES | M31: YES | O31: YES | P31: NO | S31: YES | U31: YES | V31: YES | W31: YES | X31: YES
A32: 25 | B32: https://www.debenhams.com/ | C32: 28000 | D32: MEGGA | F32: Private | G32: YES | H32: Reducing our impact on the environment is an essential part of a sustainable business. As well as complying with all mandatory requirements. | I32: http://sustainability.debenhamsplc.com/environment/ | J32: http://sustainability.debenhamsplc.com/environment/ | L32: YES | M32: YES | N32: NO | O32: YES | P32: NO | Q32: NO | S32: YES | U32: YES | V32: YES | W32: YES | X32: YES
A33: 26 | B33: https://www.coop.co.uk/ | C33: 70000 | D33: MEGGA | F33: Private | G33: YES | H33: The Co-op seeks to deliver value to its stakeholders in an ecologically sustainable and socially responsible manner. | I33: https://www.co-operative.coop/ethics/sustainable-development-policy | J33: https://www.co-operative.coop/ethics/sustainable-development-policy | K33: YES | L33: NO | M33: YES | N33: NO | O33: YES | P33: YES | Q33: NO | S33: YES | W33: YES | X33: YES
A34: 27 | B34: https://www.asos.com | C34: 4000 | D34: MEGGA | F34: Retail | G34: YES | H34: We’re using our growing global reach to create, promote and sell products that are more socially and environmentally responsible. We’re also passionate about engaging our customers on sustainability. | I34: https://www.asosplc.com/corporate-responsibility/our-products/sustainable-sourcing-programme | J34: https://www.asosplc.com/corporate-responsibility/our-products/sustainable-sourcing-programme | K34: YES | M34: YES | O34: YES | S34: YES | T34: NO | U34: YES | V34: YES | W34: YES | X34: YES
A35: 28 | B35: https://www.hsbc.co.uk/ | C35: 307000 | D35: MEGGA | F35: Private | G35: YES | H35: Today our sustainability approach focuses on three main areas: sustainable finance; sustainable supply chains; and employability and financial capability. | I35: https://www.hsbc.com/our-approach/building-a-sustainable-future | J35: https://www.hsbc.com/our-approach/building-a-sustainable-future | R35: YES | T35: YES | W35: YES | X35: YES
A36: 29 | B36: https://store.hp.com/ | C36: 66000 | D36: MEGGA | F36: Technology | G36: YES | H36: Sustainable Impact is fundamental to our reinvention journey – fueling our innovation and growth, and strengthening our business for the long term. | I36: http://www8.hp.com/us/en/hp-information/global-citizenship/index.html | J36: http://www8.hp.com/us/en/hp-information/global-citizenship/index.html | K36: YES | L36: YES | M36: YES | N36: YES | O36: YES | P36: YES | Q36: YES | S36: YES | W36: YES | X36: YES
A37: 30 | B37: https://groceries.morrisons.com | C37: 132000 | D37: MEGGA | F37: Retail | G37: YES | H37: Across the UK, unsold food in our stores that is still safe to eat can now be donated to local community organisations where possible. | I37: https://www.morrisons-corporate.com/cr/ | J37: https://www.morrisons-corporate.com/cr/ | M37: YES | O37: YES | P37: YES | Q37: YES | R37: YES | U37: YES | W37: YES | X37: YES
A38: 31 | B38: https://uk.lush.com/ | C38: 13652 | D38: MEGGA | F38: Retail | G38: YES | H38: We have always used creative solutions to make a positive impact on the planet, like the invention of the first-ever solid shampoo bar. | I38: https://uk.lush.com/article/our-environmental-policy | J38: https://uk.lush.com/article/our-environmental-policy | K38: YES | L38: YES | M38: YES | O38: YES | P38: YES | Q38: YES | W38: YES | X38: YES
A39: 32 | B39: https://www.boots.com/ | C39: 56000 | D39: MEGGA | F39: Retail | G39: YES | H39: Boots UK received a Big Tick award in 2014 (reaccredited in 2015) from Business in the Community for ‘Sustainable Products and Services”. | I39: http://www.boots-uk.com/corporate-social-responsibility/what-we-do/environment/product-sustainability/ | J39: http://www.boots-uk.com/corporate-social-responsibility/what-we-do/environment/product-sustainability/ | K39: YES | L39: YES | M39: YES | N39: YES | O39: YES | P39: YES | Q39: YES | S39: YES | W39: YES | X39: YES
A40: 33 | B40: https://www.superdrug.com/ | C40: 14000 | D40: MEGGA | F40: Retail | G40: YES | H40: At Superdrug our passion and commitment is to bring MORE to the community today, protect our world tomorrow and make sure our company is around for generations to come. | I40: https://www.superdrug.com/csr | J40: https://www.superdrug.com/csr | K40: YES | L40: YES | M40: YES | N40: YES | O40: YES | P40: YES | Q40: YES | W40: YES | X40: YES
A41: 34 | B41: https://www.shell.co.uk/ | C41: 92000 | D41: MEGGA | F41: Private | G41: YES | H41: Sustainability at Shell means providing energy in a responsible manner, respecting people, their safety and the environment. | I41: https://www.shell.com/sustainability/our-approach/sustainability-at-shell.html | J41: https://www.shell.com/sustainability/our-approach/sustainability-at-shell.html | K41: NO | L41: NO | M41: NO | N41: NO | O41: NO | P41: NO | Q41: NO | R41: NO | S41: NO | T41: NO | U41: NO | V41: NO | W41: YES | X41: NO
A42: 35 | B42: https://www.lloydsbank.com/ | C42: 75000 | D42: MEGGA | F42: Private | G42: YES | H42: A sustainable and responsible approach to doing business is integral to everything we do. Doing business responsibly is fundamental to our strategy and our purpose to help Britain prosper. | I42: https://www.lloydsbankinggroup.com/our-group/responsible-business/ | J42: https://www.lloydsbankinggroup.com/our-group/responsible-business/ | R42: YES | T42: YES | W42: YES | X42: YES
A43: 36 | B43: https://home.bt.com/ | C43: 88000 | D43: MEGGA | F43: Technology | G43: YES | H43: We’re using the power of communications to make a better world – for our business, our customers and society as a whole. | I43: https://www.btplc.com/Purposefulbusiness/Ourapproach/Our2020ambitions/index.htm | J43: https://www.btplc.com/Purposefulbusiness/Ourapproach/Our2020ambitions/index.htm | M43: YES | N43: YES | P43: YES | S43: YES | V43: YES | W43: YES | X43: YES
A44: 37 | B44: https://www.cadbury.co.uk/ | C44: 45000 | D44: MEGGA | F44: Retail | G44: YES | H44: Cadbury is proud to announce a new partnership with Fairtrade to support the roll out of Cocoa Life to Cadbury Dairy Milk products in 2018. | I44: https://www.cadbury.com.au/About-Cadbury/Sustainable-Cocoa.aspx | J44: https://www.cadbury.com.au/About-Cadbury/Sustainable-Cocoa.aspx | K44: YES | L44: YES | M44: YES | P44: YES | S44: YES | W44: YES | X44: YES
A45: 38 | B45: https://www.volkswagen.co.uk/ | C45: 642000 | D45: MEGGA | F45: Private | G45: YES | H45: For Volkswagen, sustainability means pursuing economic, social and ecological objectives simultaneously and with equal energy. It is our aim to create lasting values, offer good working conditions, and conserve resources and the environment. | I45: https://www.volkswagenag.com/en/sustainability.html | J45: https://www.volkswagenag.com/en/sustainability.html | K45: YES | L45: YES | M45: YES | N45: YES | O45: YES | Q45: YES | R45: YES | S45: YES | T45: YES | W45: YES | X45: YES
A46: 39 | B46: https://www.ford.co.uk/ | C46: 201000 | D46: MEGGA | F46: Private | G46: YES | H46: In line with our expansion to be an automotive and mobility company, our long-term vision is not just about selling more cars. It’s about making people’s lives better with the freedom to move. | I46: https://corporate.ford.com/microsites/sustainability-report-2017-18/strategy-governance/strategy/index.html | J46: https://corporate.ford.com/microsites/sustainability-report-2017-18/strategy-governance/strategy/index.html | K46: YES | L46: YES | M46: YES | N46: YES | O46: YES | Q46: YES | R46: YES | S46: YES | T46: YES | W46: YES | X46: YES
A47: 40 | B47: https://www.argos.co.uk/ | C47: 29565 | D47: MEGGA | F47: Private | N47: YES | O47: YES | P47: YES | Q47: YES | S47: YES | U47: YES | V47: YES | W47: YES | X47: YES
A48: 41 | B48: https://www.johnlewis.com/ | C48: 83000 | D48: MEGGA | F48: Private | G48: YES | H48: The Partnership has a written constitution, based on clear and enduring principles, which sets out Partners’ rights and responsibilities, how power is shared and our collective responsibilities to others | I48: https://www.johnlewispartnership.co.uk/csr.html | J48: https://www.johnlewispartnership.co.uk/csr.html | K48: YES | L48: YES | M48: YES | N48: YES | O48: YES | P48: YES | Q48: YES | R48: YES | S48: YES | U48: YES | V48: YES | W48: YES | X48: YES
A49: 42 | B49: https://www.currys.co.uk/gbuk/index.html | C49: 41000 | D49: MEGGA | F49: Technology | M49: YES | N49: YES | O49: YES | P49: YES | Q49: YES | S49: YES | U49: YES | V49: YES | W49: YES | X49: YES
A50: 43 | B50: https://www.tkmaxx.com/uk/en/ | F50: Retail | G50: YES | H50: At TK Maxx, we have had a longstanding “no fur” policy since 2003 and we do not knowingly sell items that contain real fur of any type. In addition, we do not knowingly source products containing Angora. | I50: https://www.tkmaxx.com/uk/en/responsible-sourcing-trading | J50: https://www.tkmaxx.com/uk/en/responsible-sourcing-trading | S50: YES | W50: YES | X50: YES
A51: 44 | B51: https://www.marksandspencer.com/ | C51: 80787 | D51: MEGGA | F51: Retail | G51: YES | H51: Plan A is our way to help build a sustainable future by being a business that enables our customers to have a positive impact on wellbeing, communities and the planet through all that we do. | I51: https://corporate.marksandspencer.com/plan-a | J51: https://corporate.marksandspencer.com/plan-a | K51: YES | L51: YES | M51: YES | N51: YES | O51: YES | P51: YES | Q51: YES | S51: YES | V51: YES | W51: YES | X51: YES
A52: 45 | B52: https://www.lego.com/en-gb | C52: 13,974 | D52: MEGGA | F52: Retail | G52: YES | H52: The LEGO Group’s responsibility strategy is based on our Brand Framework, our values and a wider commitment to have a positive impact on the world. We are committed to upholding the highest global standards for sustainability | I52: https://www.lego.com/en-us/aboutus/responsibility/story/report | J52: https://www.lego.com/en-us/aboutus/responsibility/story/report | K52: YES | L52: YES | M52: YES | N52: YES | O52: YES | P52: YES | Q52: YES | R52: YES | S52: YES | W52: YES | X52: YES
A53: 46 | B53: https://www.ryman.co.uk/ | C53: 5,000 | D53: MEGGA | F53: Retail | G53: YES | H53: The people who work for Ryman have a strong consideration for the environment. Ryman has worked with the Carbon Trust to help to assess and reduce its carbon footprint | I53: https://www.ryman.co.uk/environment | J53: https://www.ryman.co.uk/environment | M53: YES | O53: YES | P53: YES | Q53: YES | S53: YES | W53: YES | X53: YES
A54: 47 | B54: https://www.tomtom.com/en_gb/ | C54: 4400 | D54: MEGGA | F54: Private | G54: YES | H54: We believe that being a sustainable business is about striking the balance between stakeholder expectations and the needs and concerns of our employees, the workers in our supply chain and the environment | I54: https://corporate.tomtom.com/responsible-business/sustainability | J54: https://corporate.tomtom.com/responsible-business/sustainability | K54: YES | L54: YES | M54: YES | N54: YES | O54: YES | P54: YES | Q54: YES | S54: YES | W54: YES | X54: YES
A55: 48 | B55: https://www.waitrose.com/ | C55: 52590 | D55: MEGGA | F55: Private | G55: YES | H55: These reports set out our policies and principles and summarise how we are managing our environmental impacts, how we are working with suppliers and local communities, and how our employees or Partners contribute to and share in the rewards of our commercial success. | I55: https://www.waitrose.com/home/about_waitrose/our_company/coporate_social_responsibility.html | J55: https://www.waitrose.com/home/about_waitrose/our_company/coporate_social_responsibility.html | K55: YES | L55: YES | M55: YES | N55: YES | O55: YES | P55: YES | Q55: YES | R55: YES | S55: YES | U55: YES | V55: YES | W55: YES | X55: YES
A56: 49 | B56: https://www.thorntons.co.uk/ | C56: 3130 | D56: MEGGA | F56: Private | K56: YES | L56: YES | M56: YES | N56: YES | O56: YES | P56: YES | Q56: YES | R56: YES | S56: YES | W56: YES | X56: YES
A57: 50 | B57: https://www.clarks.co.uk/ | C57: 14000 | D57: MEGGA | F57: Private | G57: YES | H57: It also comes as second nature, compelled by enduring values shaped by the Clarks family ethos - an inherent willingness to do the right thing for consumers, shareholders, employees and the community alike. | I57: https://www.clarks.com/corporate-responsibility/ | J57: https://www.clarks.com/corporate-responsibility/ | K57: YES | L57: YES | M57: YES | N57: YES | O57: YES | P57: YES | Q57: YES | R57: YES | S57: YES | W57: YES | X57: YES
A58: 51 | B58: https://www.lidl.co.uk/en/index.htm | C58: 315000 | D58: MEGGA | F58: Retail | G58: YES | H58: We believe that the efficiency and leanness of the discounter model naturally helps to drive sustainability, bringing greater control to our consolidated supply chains and driving the efficient use of resource. | I58: https://www.lidl.co.uk/en/sustainability.htm | J58: https://www.lidl.co.uk/en/sustainability.htm | M58: YES | O58: YES | P58: YES | S58: YES | T58: NO | W58: YES | X58: YES
A59: 52 | B59: https://www.matalan.co.uk/ | C59: 8039 | D59: MEGGA | F59: Retail | K59: YES | L59: YES | M59: YES | O59: YES | Q59: YES | S59: YES | U59: YES | V59: YES | W59: YES | X59: YES
A60: 53 | B60: https://www.primark.com/en/homepage | C60: 75000 | D60: MEGGA | F60: Retail | G60: YES | H60: Every factory that manufactures products for Primark must commit to meeting internationally recognised standards before we place an order. | I60: https://www.primark.com/en-ie/our-ethics | J60: https://www.primark.com/en-ie/our-ethics | P60: YES | Q60: YES | R60: YES | U60: YES | V60: YES | X60: YES
A61: 54 | B61: https://www.hollandandbarrett.com/ | C61: 7000 | D61: MEGGA | F61: Retail | G61: YES | H61: Here at Holland & Barrett, we don't just want to be 'good for you', but 'good for our planet' as well.Being the UK's leading health food store, we have been "green" for years, well before it became fashionable. | I61: https://www.hollandandbarrett.com/info/plan-it-green | J61: https://www.hollandandbarrett.com/info/plan-it-green | N61: YES | O61: YES | P61: YES | W61: YES | X61: YES
A62: 55 | B62: https://www.kelloggs.co.uk/en_GB/home.html | C62: 33000 | D62: MEGGA | F62: Private | G62: YES | H62: Each day, Kellogg makes strides toward sustainability. Our Chief Sustainability Officer and our Board of Directors’ Social Responsibility Committee ensure we stay serious about our commitment | I62: https://www.kelloggs.co.uk/en_GB/what-we-believe/sustainability.html | J62: https://www.kelloggs.co.uk/en_GB/what-we-believe/sustainability.html | K62: YES | M62: YES | P62: YES | R62: YES | S62: YES
A63: 56 | B63: https://www.next.co.uk/ | C63: 49033 | D63: MEGGA | F63: Retail | G63: YES | H63: Reducing emissions is the right thing for us as a responsible business to do. We are working to create more sustainable ways of doing business whilst continuing to reduce our operational carbon footprint and helping deliver better resource efficiency. | I63: https://www.nextplc.co.uk/~/media/Files/N/Next-PLC-V2/documents/cr-reports/cr-2018.pdf | J63: https://www.nextplc.co.uk/~/media/Files/N/Next-PLC-V2/documents/cr-reports/cr-2018.pdf | K63: YES | L63: YES | M63: YES | O63: YES | R63: YES | S63: YES | U63: YES | V63: YES | W63: YES | X63: YES
A64: 57 | B64: https://www.dyson.co.uk/en.html | C64: 8500 | D64: MEGGA | F64: Private | G64: YES | H64: James Dyson wanted to come up with something more efficient. It was about improving performance – creating a machine that wouldn't lose suction. | I64: https://www.dyson.com.au/community/sustainable-engineering.aspx | J64: https://www.dyson.com.au/community/sustainable-engineering.aspx | K64: YES | M64: YES | N64: YES | O64: YES | Q64: YES | R64: YES | S64: YES | W64: YES | X64: YES
A65: 58 | B65: https://www.wilko.com/ | C65: 23000 | D65: MEGGA | F65: Private | G65: YES | H65: We love to support our local communities into doing their bit for the environment, for local good causes and for the improvement of broader social issues. | I65: http://corporate.wilko.com/stories/csr.php | J65: http://corporate.wilko.com/stories/csr.php | O65: YES | P65: YES | Q65: YES | S65: YES | W65: YES | X65: YES
A66: 59 | B66: http://www.sharphomeappliances.com/ | C66: 41898 | D66: MEGGA | F66: Private | G66: YES | H66: Sharp Corporation has set up the CS and Environmental Promotion Division as an organization to decide on and promote environmental policies and other important items for the entire Sharp Group | I66: http://www.sharp-world.com/corporate/eco/ssr/environment/management/practice/ | J66: http://www.sharp-world.com/corporate/eco/ssr/environment/management/practice/ | K66: YES | M66: YES | N66: YES | O66: YES | P66: YES | Q66: YES | R66: YES | S66: YES | W66: YES | X66: YES
A67: 60 | B67: https://www.honda.co.uk/ | C67: 208399 | D67: MEGGA | F67: Private | G67: YES | H67: To ensure our ongoing viability as a company within this evolving environment, a future-looking vision that can quickly address the changes of the times is essential. With this in mind, in 2017 Honda formulated the "2030 Vision," which articulates our direction toward the future | I67: https://global.honda/about/sustainability/report.html | J67: https://global.honda/about/sustainability/report.html | K67: YES | L67: YES | M67: YES | N67: YES | O67: YES | P67: YES | Q67: YES | R67: YES | S67: YES | T67: YES | W67: YES | X67: YES
A68: 61 | B68: https://www.nike.com/gb | C68: 74400 | D68: MEGGA | F68: Retail | G68: YES | H68: Our purpose is to use the power of sport to move the world forward. We believe in a fair, sustainable future—one where everyone thrives on a healthy planet and level playing field. | I68: https://sustainability.nike.com/ | J68: https://sustainability.nike.com/ | K68: YES | L68: YES | M68: YES | N68: YES | O68: YES | P68: YES | Q68: YES | R68: YES | S68: YES | V68: YES | W68: YES | X68: YES
A69: 62 | B69: https://www.adidas.co.uk/ | C69: 56888 | D69: MEGGA | F69: Retail | G69: YES | H69: Being a sustainable business is about striking the balance between shareholder expectations and the needs and concerns of our employees, the workers in our supply chain and the environment. We truly believe that acting as a responsible business – one which is fully committed to respecting human rights– will contribute to lasting economic success. | I69: https://www.adidas-group.com/en/sustainability/managing-sustainability/general-approach/ | J69: https://www.adidas-group.com/en/sustainability/managing-sustainability/general-approach/ | K69: YES | L69: YES | M69: YES | N69: YES | O69: YES | P69: YES | Q69: YES | R69: YES | S69: YES | V69: YES | W69: YES | X69: YES
A70: 63 | B70: https://www.sky.com/ | C70: 31000 | D70: MEGGA | F70: Technology | G70: YES | H70: Our Responsible Business Sky strategy ensures that we consider the environment in everything we do. We’ve focused our attention on our energy, travel, waste and water, working in the UK & Ireland towards nine ambitious targets for 2020. | I70: https://www.skygroup.sky/corporate/bigger-picture/responsible-business/environment | J70: https://www.skygroup.sky/corporate/bigger-picture/responsible-business/environment | O70: YES | P70: YES | Q70: YES | R70: YES | S70: YES | W70: YES | X70: YES
A71: 64 | B71: https://www.lenovo.com | C71: 54000 | D71: MEGGA | F71: Technology | G71: YES | H71: Lenovo is committed to ethical corporate citizenship and to promoting sustainability in all of its activities. We demonstrate these commitments through transparent and responsible management of our social, environmental, and economic values. | I71: https://www.lenovo.com/us/en/social_responsibility/sustainability_reports/ | J71: https://www.lenovo.com/us/en/social_responsibility/sustainability_reports/ | K71: YES | N71: YES | O71: YES | P71: YES | Q71: YES | S71: YES | W71: YES | X71: YES
A72: 65 | B72: https://www.jnj.com/ | C72: 134000 | D72: MEGGA | F72: Private | G72: YES | H72: Johnson & Johnson wants to get involved in tackling the world's largest health issues, in leading the charge to solve problems, in protecting the environment and in running the company with the utmost sense of responsibility. | I72: http://www.jnj.ch/en/our-values/sustainability.html | J72: http://www.jnj.ch/en/our-values/sustainability.html | M72: YES | S72: YES | W72: YES
A73: 66 | B73: https://www.olympus.co.uk/ | C73: 40000 | D73: MEGGA | F73: Private | G73: YES | H73: We all depend on the environment and its natural resources. Therefore, we strive to live and work in harmony with nature. To commit to a green earth, we focus on three fields of action: Employee Awareness, Operational Environment Management and Product Lifecycle Management. | I73: https://www.olympus.co.uk/company/en/about-olympus/social-responsibility/environment/ | J73: https://www.olympus.co.uk/company/en/about-olympus/social-responsibility/environment/ | K73: YES | L73: YES | M73: YES | N73: YES | O73: YES | P73: YES | Q73: YES | S73: YES | W73: YES | X73: YES
A74: 67 | B74: https://www.mcdonalds.com/us/en-us.html | C74: 440000 | D74: MEGGA | F74: Private | G74: YES | H74: Our burgers are some of our most iconic menu items, made from 100% ground beef. We’re one of the world’s biggest buyers of beef, so – although we don’t own farms or rear animals directly – it’s no surprise that we take seriously our responsibility to help lead the industry toward more sustainable production practices. | I74: https://corporate.mcdonalds.com/corpmcd/scale-for-good/beef-sustainability.html | J74: https://corporate.mcdonalds.com/corpmcd/scale-for-good/beef-sustainability.html | K74: YES | M74: YES | P74: YES | S74: YES | W74: YES | X74: YES
A75: 68 | B75: https://www.kfc.co.uk/ | C75: 100000 | D75: MEGGA | F75: Private | G75: YES | H75: FC Yum! Center is committed to reducing our environmental impact. We do so through ongoing efforts to save energy and water, recycle, purchase environmentally preferable products, and help raise awareness of environmental issues | I75: https://www.kfcyumcenter.com/arena-information/sustainability-efforts | J75: https://www.kfcyumcenter.com/arena-information/sustainability-efforts | K75: YES | M75: YES | P75: YES | S75: YES | W75: YES | X75: YES
A76: 69 | B76: https://www.avon.uk.com/ | C76: 50000 | D76: MEGGA | F76: Private | G76: YES | H76: Avon has a longstanding commitment to managing our environmental footprint. We address key impacts across our business enterprise and focus on continuous improvement, with particular emphasis on the areas that are most important to the company and of importance to society and the planet. | I76: http://www.avoncompany.com/corporate-responsibility/environmental-sustainability/ | J76: http://www.avoncompany.com/corporate-responsibility/environmental-sustainability/ | M76: YES | O76: YES | P76: YES | S76: YES | U76: YES | V76: YES
A77: 70 | B77: https://www.diy.com/ | C77: 16717 | D77: MEGGA | F77: Private | G77: YES | H77: One Planet Home is our sustainability programme, developed with the sustainability charity Bioregional with challenging targets stretching across our business. | I77: https://www.diy.com/one-planet-home/ | J77: https://www.diy.com/one-planet-home/ | N77: YES | O77: YES | U77: YES | V77: YES | W77: YES | X77: YES

Sheet Knowledge sharing
A1: EXAMPLES OF PROSUMER KWLEDGE SHARING BY COMPANIES
A3: Empty cells should be filled in by the URL addresses (i.e. https://www.shoesofprey.com/) of the web pages on which it was possible to observe prosumers activities connected with their ideas or kwledge. Subsequently these URLs will be use to verify the realibilty of gathered data. Grey cells (B and C columns) are fulling in automatically.
A5: No | B5: Company name | C5: Short description of observed prosumers activity | D5: Do You - Evaluating products by scoring | E5: Evaluating products by placing comments | F5: Evaluating product in practice by testing | G5: Creating and designing products or their parts | H5: Other ways available for you to evaluate the products / services
A6: 1 | B6: ='Business Processes'!B8 -> https://www.pukkaherbs.com/ | C6: ='Business Processes'!J8 -> https://www.pukkaherbs.com/your-wellbeing/stories/people/partners/bizgive/ https://www.pukkaherbs.com/media/76569880/pukka-sustainability-highlights-2016.pdf https://www.pukkaherbs.com/our-mission/inspiring-change/ | E6: YES | F6: YES
A7: 2 | B7: ='Business Processes'!B9 -> www.Dell.com | C7: ='Business Processes'!J9 -> http://www.ideastorm.com/ | E7: YES | F7: YES | G7: YES | H7: Voting
A8: 3 | B8: ='Business Processes'!B10 -> https://twitter.com/ | C8: ='Business Processes'!J10 -> https://books.google.co.uk/books?isbn=1473987490 | F8: YES
A9: 4 | B9: ='Business Processes'!B11 -> https://www.amazon.co.uk/ | C9: ='Business Processes'!J11 -> https://www.amazon.co.uk/ | F9: YES
A10: 5 | B10: ='Business Processes'!B12 -> https://www.facebook.com/ | C10: ='Business Processes'!J12 -> https://www.facebook.com/ | F10: YES
A11: 6 | B11: ='Business Processes'!B13 -> https://www.uber.com/ | C11: ='Business Processes'!J13 -> https://www.uber.com/ | F11: YES
A12: 7 | B12: ='Business Processes'!B14 -> https://www.youtube.com/ | C12: ='Business Processes'!J14 -> https://www.youtube.com/ | F12: YES
A13: 8 | B13: https://www.o2.co.uk/ | C13: ='Business Processes'!J15 -> http://static.o2.co.uk/www/docs/thinkbig/think-big-blueprint-1-progress-report-2012-to-2015.pdf | E13: YES | F13: YES
A14: 9 | B14: https://www.apple.com/uk/ | C14: ='Business Processes'!J16 -> https://support.apple.com/en-gb | E14: YES | F14: YES | G14: YES
A15: 10 | B15: http://ee.co.uk/ | C15: ='Business Processes'!J17 -> http://ee.co.uk/our-company/corporate-responsibility/building-trust/our-customers | E15: YES
A16: 11 | B16: Http://www.ikea.com | E16: YES | F16: YES | G16: YES
A17: 12 | B17: https://www.sony.co.uk | E17: YES | F17: YES | G17: YES
A18: 13 | B18: www.vodafone.co.uk | E18: YES | F18: YES
A19: 14 | B19: https://www.tesco.com/ | E19: YES | F19: YES
A20: 15 | B20: https://beta.audi.co.uk/ | E20: YES | F20: YES | G20: YES
A21: 16 | B21: https://www.aldi.co.uk/ | E21: YES | F21: YES
A22: 17 | B22: https://www.coca-cola.co.uk/ | E22: YES | F22: YES | G22: YES
A23: 18 | B23: https://www.samsung.com/uk/ | E23: YES | F23: YES | G23: YES
A24: 19 | B24: https://www.nationwide.co.uk/ | E24: NO | F24: NO | G24: NO
A25: 20 | B25: https://www.halfords.com/ | E25: YES | F25: YES | G25: YES
A26: 21 | B26: https://www.microsoft.com | E26: YES | F26: YES | G26: YES
A27: 22 | B27: https://www.nestle.co.uk/ | E27: YES | F27: YES | G27: YES
A28: 23 | B28: https://www.mercedes-benz.co.uk | E28: YES | F28: YES | G28: YES
A29: 24 | B29: https://www.riverisland.com/ | E29: YES | F29: YES | G29: YES
A30: 25 | B30: https://www.debenhams.com/ | E30: YES | G30: YES
A31: 26 | B31: https://www.coop.co.uk/ | E31: YES
A32: 27 | B32: https://www.asos.com | E32: YES | F32: YES | G32: YES
A33: 28 | B33: https://www.hsbc.co.uk/ | E33: NO | F33: NO | G33: NO
A34: 29 | B34: https://store.hp.com/ | E34: YES | F34: YES | G34: YES
A35: 30 | B35: https://groceries.morrisons.com | E35: YES | F35: YES | G35: NO
A36: 31 | B36: https://uk.lush.com/ | E36: YES | F36: YES | G36: YES
A37: 32 | B37: https://www.boots.com/ | E37: YES | F37: YES
A38: 33 | B38: https://www.superdrug.com/ | E38: YES | F38: YES
A39: 34 | B39: https://www.shell.co.uk/ | E39: YES | F39: YES | G39: NO
A40: 35 | B40: https://www.lloydsbank.com/ | E40: NO | F40: NO | G40: NO
A41: 36 | B41: https://home.bt.com/ | E41: YES | F41: YES | G41: YES
A42: 37 | B42: https://www.cadbury.co.uk/ | E42: YES | F42: YES | G42: YES
A43: 38 | B43: https://www.volkswagen.co.uk/ | E43: YES | F43: YES | G43: YES
A44: 39 | B44: https://www.ford.co.uk/ | E44: YES | F44: YES | G44: YES
A45: 40 | B45: https://www.argos.co.uk/ | E45: YES | F45: YES | G45: NO
A46: 41 | B46: https://www.johnlewis.com/ | E46: YES | F46: YES | G46: YES
A47: 42 | B47: https://www.currys.co.uk/gbuk/index.html | E47: YES | F47: YES | G47: YES
A48: 43 | B48: https://www.tkmaxx.com/uk/en/ | E48: YES | F48: YES | G48: YES
A49: 44 | B49: https://www.marksandspencer.com/ | E49: YES | F49: YES | G49: YES
A50: 45 | B50: https://www.lego.com/en-gb | E50: YES | F50: YES | G50: YES
... A75: 70 | B75: https://www.diy.com/ | E75: YES | F75: YES | G75: YES

Sheet Incentives
A1: Incentives which Enterprises use to encourage prosumers to share knowledge
A3: Empty cells should be filled in by the URL addresses (i.e. https://www.shoesofprey.com/) of the web pages on which it was possible to observe prosumers activities connected with their ideas or kwledge. Subsequently these URLs will be use to verify the realibilty of gathered data. Grey cells (B and C columns) are fulling in automatically.
A5: . | B5: Company name | C5: Short description of observed prosumers activity | D5: What incentives interest you - Material rewards (e.g free gifts, souvenirs) | E5: Monetary compensation | F5: Testing of prototypes | G5: Free samples of products | H5: Bonus points with financial value | I5: Personal benefits (e.g. enhancing the expertise, status or recognition; being a part of the community; pride of excellence; need to learn more) | J5: Other - what other incentives interest you?
A6: 1 | B6: ='Business Processes'!B8 -> https://www.pukkaherbs.com/ | C6: ='Business Processes'!J8 -> https://www.pukkaherbs.com/your-wellbeing/stories/people/partners/bizgive/ https://www.pukkaherbs.com/media/76569880/pukka-sustainability-highlights-2016.pdf https://www.pukkaherbs.com/our-mission/inspiring-change/ | D6: YES | I6: YES | J6: Competitions
A7: 2 | B7: ='Business Processes'!B9 -> www.Dell.com | C7: ='Business Processes'!J9 -> http://www.ideastorm.com/ | J7: Dell Community Rockstar
A8: 3 | B8: ='Business Processes'!B10 -> https://twitter.com/ | C8: ='Business Processes'!J10 -> https://books.google.co.uk/books?isbn=1473987490
A9: 4 | B9: ='Business Processes'!B11 -> https://www.amazon.co.uk/ | C9: ='Business Processes'!J11 -> https://www.amazon.co.uk/
A10: 5 | B10: ='Business Processes'!B12 -> https://www.facebook.com/ | C10: ='Business Processes'!J12 -> https://www.facebook.com/
A11: 6 | B11: ='Business Processes'!B13 -> https://www.uber.com/ | C11: ='Business Processes'!J13 -> https://www.uber.com/
A12: 7 | B12: ='Business Processes'!B14 -> https://www.youtube.com/ | C12: ='Business Processes'!J14 -> https://www.youtube.com/
A13: 8 | B13: https://www.o2.co.uk/ | C13: ='Business Processes'!J15 -> http://static.o2.co.uk/www/docs/thinkbig/think-big-blueprint-1-progress-report-2012-to-2015.pdf | D13: YES | E13: YES | I13: YES | J13: competitions
A14: 9 | B14: https://www.apple.com/uk/ | C14: ='Business Processes'!J16 -> https://support.apple.com/en-gb | E14: YES | I14: YES | J14: competitors and techlogy change
A15: 10 | B15: http://ee.co.uk/ | C15: ='Business Processes'!J17 -> http://ee.co.uk/our-company/corporate-responsibility/building-trust/our-customers | D15: YES | E15: YES | I15: YES | J15: competitions
A16: 11 | B16: Http://www.ikea.com | D16: YES | E16: YES | H16: YES | J16: Competitors
A17: 12 | B17: https://www.sony.co.uk | E17: YES | F17: YES
A18: 13 | B18: www.vodafone.co.uk | D18: YES | E18: YES | F18: YES
A19: 14 | B19: https://www.tesco.com/ | D19: YES | E19: YES | G19: YES | H19: YES | I19: YES
A20: 15 | B20: https://beta.audi.co.uk/ | E20: YES | F20: YES | G20: NO | I20: YES
A21: 16 | B21: https://www.aldi.co.uk/ | E21: YES | G21: YES | I21: YES
A22: 17 | B22: https://www.coca-cola.co.uk/ | D22: YES | E22: YES | F22: YES | G22: YES
A23: 18 | B23: https://www.samsung.com/uk/ | D23: YES | E23: YES | F23: YES | G23: YES | I23: YES
A24: 19 | B24: https://www.nationwide.co.uk/ | D24: YES | E24: YES | F24: NO | I24: YES
A25: 20 | B25: https://www.halfords.com/ | E25: NO | F25: NO | G25: YES | I25: YES
A26: 21 | B26: https://www.microsoft.com | D26: NO | E26: YES | F26: YES | G26: YES | I26: YES
A27: 22 | B27: https://www.nestle.co.uk/ | D27: YES | E27: YES | F27: NO | G27: YES | I27: NO
A28: 23 | B28: https://www.mercedes-benz.co.uk | D28: YES | E28: NO | F28: YES | G28: YES | I28: YES
A29: 24 | B29: https://www.riverisland.com/ | D29: NO | E29: NO | F29: NO | G29: YES | I29: YES
A30: 25 | B30: https://www.debenhams.com/ | D30: YES | E30: NO | F30: NO | G30: YES | H30: YES
A31: 26 | B31: https://www.coop.co.uk/ | D31: YES | F31: NO | G31: YES | H31: YES | I31: YES
A32: 27 | B32: https://www.asos.com | D32: YES | E32: NO | F32: NO | G32: YES | H32: YES | I32: YES
A33: 28 | B33: https://www.hsbc.co.uk/ | D33: YES | E33: YES | F33: NO | I33: YES
A34: 29 | B34: https://store.hp.com/ | D34: YES | E34: NO | F34: NO | G34: YES | I34: YES
A35: 30 | B35: https://groceries.morrisons.com | D35: NO | E35: YES | F35: NO | G35: YES | H35: YES
A36: 31 | B36: https://uk.lush.com/ | D36: YES | E36: NO | F36: NO | G36: YES
A37: 32 | B37: https://www.boots.com/ | D37: YES | E37: NO | F37: NO | G37: YES | H37: YES | I37: YES
A38: 33 | B38: https://www.superdrug.com/ | D38: YES | E38: NO | F38: NO | G38: YES | H38: YES
A39: 34 | B39: https://www.shell.co.uk/ | D39: YES | E39: NO | F39: NO | G39: NO | H39: YES
A40: 35 | B40: https://www.lloydsbank.com/ | D40: YES | E40: YES | F40: NO
A41: 36 | B41: https://home.bt.com/ | D41: YES | E41: YES | F41: YES | G41: YES
A42: 37 | B42: https://www.cadbury.co.uk/ | D42: YES | F42: NO | G42: YES
A43: 38 | B43: https://www.volkswagen.co.uk/ | D43: NO | E43: YES | F43: YES | G43: NO | I43: YES
A44: 39 | B44: https://www.ford.co.uk/ | D44: NO | E44: YES | F44: YES | G44: NO | I44: YES
A45: 40 | B45: https://www.argos.co.uk/ | D45: YES | E45: YES | F45: NO | G45: YES | H45: YES | I45: YES
A46: 41 | B46: https://www.johnlewis.com/ | D46: NO | E46: YES | F46: YES | G46: YES | H46: YES | I46: YES
A47: 42 | B47: https://www.currys.co.uk/gbuk/index.html | D47: YES | E47: NO | F47: YES | G47: YES | H47: YES | I47: YES
A48: 43 | B48: https://www.tkmaxx.com/uk/en/ | D48: NO | E48: NO | F48: NO | G48: NO | H48: YES
A49: 44 | B49: https://www.marksandspencer.com/ | D49: YES | E49: NO | F49: NO | G49: YES | H49: YES | I49: YES
A50: 45 | B50: https://www.lego.com/en-gb | D50: YES | E50: NO | F50: YES | G50: NO | H50: YES | I50: YES
A51: 46 | B51: https://www.ryman.co.uk/ | D51: YES | E51: NO | F51: YES | G51: NO
A52: 47 | B52: https://www.tomtom.com/en_gb/ | D52: YES | E52: YES | F52: YES | G52: YES
A53: 48 | B53: https://www.waitrose.com/ | D53: NO | E53: YES | F53: YES | G53: YES | H53: YES | I53: YES
A54: 49 | B54: https://www.thorntons.co.uk/ | D54: YES | E54: YES | F54: YES | G54: YES
A55: 50 | B55: https://www.clarks.co.uk/ | D55: YES | E55: NO | F55: YES | G55: YES
A56: 51 | B56: https://www.lidl.co.uk/en/index.htm | D56: YES | E56: NO | F56: YES | G56: YES | H56: YES
A57: 52 | B57: https://www.matalan.co.uk/ | D57: NO | E57: NO | F57: NO | G57: NO | H57: YES | I57: YES
A58: 53 | B58: https://www.primark.com/en/homepage | D58: YES | E58: YES | F58: YES | G58: YES
A59: 54 | B59: https://www.hollandandbarrett.com/ | D59: YES | E59: NO | G59: YES | H59: YES | I59: YES
A60: 55 | B60: https://www.kelloggs.co.uk/en_GB/home.html | D60: YES | F60: YES | G60: YES
A61: 56 | B61: https://www.next.co.uk/ | D61: NO | F61: YES | G61: YES
A62: 57 | B62: https://www.dyson.co.uk/en.html | D62: YES | F62: YES | G62: YES
A63: 58 | B63: https://www.wilko.com/ | D63: NO | F63: YES | G63: YES
A64: 59 | B64: http://www.sharphomeappliances.com/ | D64: NO | F64: YES | G64: NO
A65: 60 | B65: https://www.honda.co.uk/ | D65: YES | E65: YES | F65: YES | G65: NO
A66: 61 | B66: https://www.nike.com/gb | E66: YES | F66: YES
A67: 62 | B67: https://www.adidas.co.uk/ | F67: YES
A68: 63 | B68: https://www.sky.com/ | D68: YES | E68: YES | F68: YES | G68: YES
A69: 64 | B69: https://www.lenovo.com | D69: NO | F69: YES | G69: YES
A70: 65 | B70: https://www.jnj.com/ | D70: YES | E70: YES | F70: NO | G70: YES
A71: 66 | B71: https://www.olympus.co.uk/ | D71: YES | E71: YES | F71: YES | G71: NO
A72: 67 | B72: https://www.mcdonalds.com/us/en-us.html | D72: YES | E72: YES | F72: YES
A73: 68 | B73: https://www.kfc.co.uk/ | F73: YES
A74: 69 | B74: https://www.avon.uk.com/ | D74: YES | F74: YES | G74: YES
A75: 70 | B75: https://www.diy.com/ | F75: YES

Sheet ICT
A1: Information and communication technologies (ICT) which serve as a tool to ahare knowledge
A3: Empty cells should be filled in by the URL addresses (i.e. https://www.shoesofprey.com/) of the web pages on which it was possible to observe prosumers activities connected with their ideas or kNOwledge. Subsequently these URLs will be use to verify the realibilty of gathered data. Grey cells (B and C columns) are fulling in automatically.
A5: NO. | B5: Company name | C5: Short description of observed prosumers activity | D5: Do you use the ICTs to commuciate with the company -E-mails | E5: Internet forums | F5: Own organizations' websites | G5: Specialized organizations' websites | H5: Popular information websites | I5: Industry specialized portals | J5: Mobile applications | K5: Facebook | L5: Online surveys | M5: Other
A6: 1 | B6: ='Business Processes'!B8 -> https://www.pukkaherbs.com/ | C6: ='Business Processes'!J8 -> https://www.pukkaherbs.com/your-wellbeing/stories/people/partners/bizgive/ https://www.pukkaherbs.com/media/76569880/pukka-sustainability-highlights-2016.pdf https://www.pukkaherbs.com/our-mission/inspiring-change/ | D6: YES | F6: YES | J6: YES | K6: YES | M6: Twitter, Blog, Google
A7: =A6+1 -> 2 | B7: ='Business Processes'!B9 -> www.Dell.com | C7: ='Business Processes'!J9 -> http://www.ideastorm.com/ | D7: YES | E7: YES | F7: YES | G7: YES | J7: YES | K7: YES
A8: =A7+1 -> 3 | B8: ='Business Processes'!B10 -> https://twitter.com/ | C8: ='Business Processes'!J10 -> https://books.google.co.uk/books?isbn=1473987490
A9: =A8+1 -> 4 | B9: ='Business Processes'!B11 -> https://www.amazon.co.uk/ | C9: ='Business Processes'!J11 -> https://www.amazon.co.uk/
A10: =A9+1 -> 5 | B10: ='Business Processes'!B12 -> https://www.facebook.com/ | C10: ='Business Processes'!J12 -> https://www.facebook.com/
A11: =A10+1 -> 6 | B11: ='Business Processes'!B13 -> https://www.uber.com/ | C11: ='Business Processes'!J13 -> https://www.uber.com/
A12: =A11+1 -> 7 | B12: ='Business Processes'!B14 -> https://www.youtube.com/ | C12: ='Business Processes'!J14 -> https://www.youtube.com/
A13: =A12+1 -> 8 | B13: https://www.o2.co.uk/ | C13: http://static.o2.co.uk/www/docs/thinkbig/think-big-blueprint-1-progress-report-2012-to-2015.pdf | D13: YES | E13: YES | F13: YES | G13: YES | H13: YES | J13: YES | K13: YES | L13: YES | M13: Twitter, Google, facebook
A14: =A13+1 -> 9 | B14: https://www.apple.com/uk/ | C14: https://support.apple.com/en-gb | D14: YES | E14: YES | F14: YES | G14: YES | H14: YES | J14: YES | K14: YES | L14: YES | M14: Twitter, Google, facebook
A15: =A14+1 -> 10 | B15: http://ee.co.uk/ | C15: http://ee.co.uk/our-company/corporate-responsibility/building-trust/our-customers | D15: YES | E15: YES | F15: YES | G15: YES | H15: YES | J15: YES | K15: YES | L15: YES | M15: Twitter, Google, facebook
A16: =A15+1 -> 11 | B16: Http://www.ikea.com | D16: YES | E16: YES | F16: YES | G16: YES | H16: YES | J16: YES | K16: YES | L16: YES | M16: Google
A17: =A16+1 -> 12 | B17: https://www.sony.co.uk | D17: YES | E17: YES | F17: YES | H17: YES | J17: YES | K17: YES | L17: YES
A18: =A17+1 -> 13 | B18: www.vodafone.co.uk | D18: YES | E18: NO | F18: YES | G18: YES | H18: YES | J18: YES | K18: YES
A19: =A18+1 -> 14 | B19: https://www.tesco.com/ | E19: YES | F19: YES | G19: YES | H19: YES | J19: YES | K19: YES | L19: YES
A20: =A19+1 -> 15 | B20: https://beta.audi.co.uk/ | E20: YES | H20: YES | K20: YES
A21: =A20+1 -> 16 | B21: https://www.aldi.co.uk/ | E21: YES | H21: YES | J21: YES | K21: YES | L21: YES
A22: =A21+1 -> 17 | B22: https://www.coca-cola.co.uk/ | F22: YES | H22: YES | K22: YES | L22: YES
A23: =A22+1 -> 18 | B23: https://www.samsung.com/uk/ | D23: YES | E23: YES | H23: YES | J23: NO | K23: YES | L23: YES
A24: =A23+1 -> 19 | B24: https://www.nationwide.co.uk/ | D24: YES | H24: YES | J24: YES | K24: YES | L24: YES
A25: =A24+1 -> 20 | B25: https://www.halfords.com/ | D25: YES | F25: NO | G25: NO | H25: YES | J25: NO | K25: YES | L25: YES
A26: =A25+1 -> 21 | B26: https://www.microsoft.com | D26: YES | E26: YES | H26: YES | J26: NO | K26: YES | L26: YES
A27: =A26+1 -> 22 | B27: https://www.nestle.co.uk/ | D27: YES | E27: NO | F27: YES | H27: YES | J27: YES | K27: YES | L27: YES
A28: =A27+1 -> 23 | B28: https://www.mercedes-benz.co.uk | E28: YES | H28: YES | J28: YES | K28: YES | L28: NO
A29: =A28+1 -> 24 | B29: https://www.riverisland.com/ | E29: NO | F29: NO | G29: NO | H29: YES | J29: YES | K29: YES | L29: NO
A30: =A29+1 -> 25 | B30: https://www.debenhams.com/ | D30: YES | E30: YES | H30: YES | J30: YES | K30: YES | L30: YES
A31: =A30+1 -> 26 | B31: https://www.coop.co.uk/ | E31: YES | F31: YES | G31: YES | H31: YES | J31: YES | K31: YES | L31: YES
A32: =A31+1 -> 27 | B32: https://www.asos.com | E32: YES | H32: YES | J32: YES | K32: YES | L32: NO
A33: =A32+1 -> 28 | B33: https://www.hsbc.co.uk/ | D33: YES | E33: NO | H33: YES | J33: YES | K33: YES | L33: YES
A34: 29 | B34: https://store.hp.com/ | D34: YES | E34: YES | H34: YES | J34: YES | K34: YES | L34: YES
A35: 30 | B35: https://groceries.morrisons.com | E35: YES | H35: YES | J35: YES | K35: YES | L35: YES
A36: 31 | B36: https://uk.lush.com/ | E36: YES | F36: YES | G36: YES | H36: YES | J36: YES | K36: YES | L36: YES
A37: =A36+1 -> 32 | B37: https://www.boots.com/ | E37: YES | H37: YES | J37: YES | K37: YES | L37: YES
A38: =A37+1 -> 33 | B38: https://www.superdrug.com/ | E38: YES | H38: YES | J38: YES | K38: YES | L38: YES
A39: =A38+1 -> 34 | B39: https://www.shell.co.uk/ | E39: YES | H39: YES | J39: YES | K39: YES | L39: YES
A40: =A39+1 -> 35 | B40: https://www.lloydsbank.com/ | D40: YES | E40: YES | H40: YES | J40: YES | K40: YES | L40: NO
A41: =A40+1 -> 36 | B41: https://home.bt.com/ | D41: YES | E41: YES | H41: YES | J41: YES | K41: YES | L41: YES
A42: =A41+1 -> 37 | B42: https://www.cadbury.co.uk/ | E42: YES | H42: YES | J42: NO | K42: YES | L42: NO
A43: =A42+1 -> 38 | B43: https://www.volkswagen.co.uk/ | D43: YES | E43: YES | H43: YES | J43: NO | K43: YES | L43: NO
A44: =A43+1 -> 39 | B44: https://www.ford.co.uk/ | D44: YES | E44: YES | H44: YES | J44: NO | K44: YES | L44: YES
A45: =A44+1 -> 40 | B45: https://www.argos.co.uk/ | D45: YES | E45: YES | H45: YES | J45: YES | K45: YES | L45: YES
A46: =A45+1 -> 41 | B46: https://www.johnlewis.com/ | D46: YES | E46: YES | F46: YES | G46: YES | H46: YES | J46: YES | K46: YES | L46: YES
A47: =A46+1 -> 42 | B47: https://www.currys.co.uk/gbuk/index.html | D47: YES | E47: YES | H47: YES | J47: NO | K47: YES | L47: NO
A48: =A47+1 -> 43 | B48: https://www.tkmaxx.com/uk/en/ | E48: YES | H48: YES | J48: NO | K48: YES | L48: YES
A49: =A48+1 -> 44 | B49: https://www.marksandspencer.com/ | E49: YES | H49: YES | J49: YES | K49: YES | L49: YES
A50: =A49+1 -> 45 | B50: https://www.lego.com/en-gb | D50: YES | E50: YES | F50: YES | G50: YES | H50: YES | J50: YES | K50: YES | L50: YES
A51: =A50+1 -> 46 | B51: https://www.ryman.co.uk/ | D51: YES | E51: YES | H51: YES | J51: NO | K51: YES | L51: YES
A52: =A51+1 -> 47 | B52: https://www.tomtom.com/en_gb/ | D52: YES | E52: YES | H52: YES | J52: YES | K52: YES | L52: YES
A53: =A52+1 -> 48 | B53: https://www.waitrose.com/ | D53: YES | E53: YES | F53: YES | G53: YES | H53: YES | J53: YES | K53: YES | L53: YES
A54: =A53+1 -> 49 | B54: https://www.thorntons.co.uk/ | E54: YES | H54: YES | J54: YES | K54: YES | L54: YES
A55: =A54+1 -> 50 | B55: https://www.clarks.co.uk/ | D55: YES | E55: YES | H55: YES | J55: YES | K55: YES | L55: YES
A56: 51 | B56: https://www.lidl.co.uk/en/index.htm | E56: YES | H56: YES | J56: YES | K56: YES | L56: YES
A57: =A56+1 -> 52 | B57: https://www.matalan.co.uk/ | D57: YES | E57: YES | H57: YES | J57: YES | K57: YES | L57: NO
A58: =A57+1 -> 53 | B58: https://www.primark.com/en/homepage | E58: YES | H58: YES | J58: NO | K58: YES | L58: YES
A59: =A58+1 -> 54 | B59: https://www.hollandandbarrett.com/ | E59: YES | H59: YES | J59: YES | K59: YES | L59: YES
A60: =A59+1 -> 55 | B60: https://www.kelloggs.co.uk/en_GB/home.html | E60: YES | H60: YES | J60: YES | K60: YES | L60: YES
A61: =A60+1 -> 56 | B61: https://www.next.co.uk/ | H61: YES | J61: YES | K61: YES | L61: NO
A62: =A61+1 -> 57 | B62: https://www.dyson.co.uk/en.html | D62: YES | E62: YES | H62: YES | J62: YES | K62: YES | L62: YES
A63: =A62+1 -> 58 | B63: https://www.wilko.com/ | D63: YES | E63: YES | H63: YES | J63: NO | K63: YES | L63: YES
A64: =A63+1 -> 59 | B64: http://www.sharphomeappliances.com/ | D64: YES | E64: YES | H64: YES | J64: NO | K64: YES | L64: YES
A65: =A64+1 -> 60 | B65: https://www.honda.co.uk/ | D65: YES | E65: YES | H65: YES | J65: YES | K65: YES | L65: YES
A66: =A65+1 -> 61 | B66: https://www.nike.com/gb | D66: YES | E66: YES | H66: YES | J66: YES | K66: YES | L66: YES
A67: =A66+1 -> 62 | B67: https://www.adidas.co.uk/ | D67: YES | E67: YES | H67: YES | J67: YES | K67: YES | L67: YES
A68: =A67+1 -> 63 | B68: https://www.sky.com/ | D68: YES | E68: YES | H68: YES | J68: YES | K68: YES | L68: YES
A69: =A68+1 -> 64 | B69: https://www.lenovo.com | D69: YES | E69: YES | H69: YES | J69: YES | K69: YES | L69: YES
A70: =A69+1 -> 65 | B70: https://www.jnj.com/ | E70: YES | H70: YES | J70: NO | K70: YES | L70: NO
A71: =A70+1 -> 66 | B71: https://www.olympus.co.uk/ | D71: YES | E71: YES | H71: YES | J71: YES | K71: YES
A72: =A71+1 -> 67 | B72: https://www.mcdonalds.com/us/en-us.html | D72: YES | E72: YES | H72: YES | J72: YES | K72: YES | L72: YES
A73: =A72+1 -> 68 | B73: https://www.kfc.co.uk/ | D73: YES | E73: YES | H73: YES | J73: YES | K73: YES | L73: YES
A74: =A73+1 -> 69 | B74: https://www.avon.uk.com/ | H74: YES | J74: YES | K74: YES | L74: YES
A75: =A74+1 -> 70 | B75: https://www.diy.com/ | D75: YES | H75: YES | J75: YES | K75: YES | L75: YES
